[Event "Chessable Masters - Torneo preliminare"]
[White "Maghsoodloo, Parham"]
[Black "Mekhitarian, Krikor Sevag"]
[WhiteFideId "12539929"]
[BlackFideId "2107660"]
[WhiteElo "2660"]
[BlackElo "2594"]
[Result "1-0"]
[Round "3"]
[TimeControl "600+2"]
[Date "2023.03.13"]
[WhiteClock "0:07:11"]
[BlackClock "0:03:19"]

1. d4 Nf6 2. Nf3 e6 3. Bf4 d5 4. e3 c5 5. Nbd2 Nc6 6. c3 Nh5 7. Be5 f6 8. Bg3 g6 9. Bh4 cxd4 10. Nxd4 Be7 11. Be2 Ng7 12. O-O O-O 13. N2b3 e5 14. Nxc6 bxc6 15. f3 c5 16. e4 d4 17. cxd4 cxd4 18. f4 Bb7 19. Bd3 exf4 20. Bf2 Ne6 21. Bc4 Qc8 22. Rc1 Kh8 23. Na5 Bxe4 24. Bd3 Qd8 25. Bxe4 Qxa5 26. Bxa8 Rxa8 27. Re1 1-0


[Site "Internet"]

[Event "Chessable Masters - Torneo preliminare"]
[White "Iniyan, P"]
[Black "Sankalp, Gupta"]
[WhiteFideId "25002767"]
[BlackFideId "5097010"]
[WhiteElo "2441"]
[BlackElo "2427"]
[Result "0-1"]
[Round "3"]
[TimeControl "600+2"]
[Date "2023.03.13"]
[WhiteClock "0:00:54"]
[BlackClock "0:01:37"]

1. d4 Nf6 2. c4 e6 3. Nf3 d5 4. Nc3 a6 5. cxd5 exd5 6. Bf4 Be6 7. e3 Bd6 8. Bd3 c6 9. O-O Qc7 10. Bxd6 Qxd6 11. Ne5 c5 12. Bc2 Nc6 13. Nxc6 bxc6 14. dxc5 Qxc5 15. h3 O-O 16. Na4 Qe7 17. Rc1 Nd7 18. Qd3 g6 19. e4 Rfb8 20. Bb3 Rb4 21. exd5 cxd5 22. Rfe1 Qg5 23. Nc5 Nxc5 24. Rxc5 a5 25. Bxd5 Rd8 26. Rxe6 fxe6 27. Bxe6+ Kf8 28. Bd5 Qe5 29. Rxa5 Rd4 30. Qf3+ Kg7 31. Ra7+ Kh6 32. Bb3 Rd3 33. Qg4 R8d4 34. f4 Rxf4 35. Qc8 Qe1+ 36. Kh2 Qg3+ 37. Kg1 Qf2+ 38. Kh2 Qxa7 0-1


[Site "Internet"]

[Event "Chessable Masters - Torneo preliminare"]
[White "Hambleton, Aman"]
[Black "Guseinov, Gadir"]
[WhiteFideId "2606577"]
[BlackFideId "13401378"]
[WhiteElo "2447"]
[BlackElo "2632"]
[Result "1-0"]
[Round "3"]
[TimeControl "600+2"]
[Date "2023.03.13"]
[WhiteClock "0:00:11"]
[BlackClock "0:03:37"]

1. d4 Nf6 2. c4 g6 3. Nc3 Bg7 4. e4 d6 5. f3 O-O 6. Be3 a6 7. Qd2 Nc6 8. Nge2 Bd7 9. Rc1 b5 10. Ng3 e5 11. d5 Nd4 12. Nce2 c5 13. dxc6 Nxc6 14. Nc3 b4 15. Nd5 Nxd5 16. cxd5 Nd4 17. Bd3 f5 18. O-O a5 19. Ne2 Qb6 20. Nxd4 exd4 21. Bf2 fxe4 22. Bxe4 Bf5 23. Rc6 Qa7 24. Rfc1 Qe7 25. Bxd4 Bxe4 26. Rc7 Bxd4+ 27. Qxd4 Qf6 28. Qxf6 Rxf6 29. fxe4 Rf4 30. Re7 Raf8 31. h3 R8f7 32. Rc8+ Kg7 33. Rcc7 Rxe7 34. Rxe7+ Kf8 35. Re6 Kf7 36. b3 h5 37. g3 Rf3 38. Kg2 Rd3 39. Rxd6 Rd2+ 40. Kf3 Rxa2 41. Kf4 g5+ 42. Ke5 Rg2 43. Ra6 Rxg3 44. Ra7+ Kg6 45. d6 g4 46. hxg4 h4 47. d7 Rd3 48. Ra6+ Kf7 49. Rd6 1-0


[Site "Internet"]

[Event "Chessable Masters - Torneo preliminare"]
[White "Weetik, Vjacheslav"]
[Black "Cuenca Jimenez, Jose Fernando"]
[WhiteFideId "4153472"]
[BlackFideId "2255570"]
[WhiteElo "2445"]
[BlackElo "2455"]
[Result "1-0"]
[Round "3"]
[TimeControl "600+2"]
[Date "2023.03.13"]
[WhiteClock "0:01:37"]
[BlackClock "0:01:41"]

1. d4 Nf6 2. c4 e6 3. g3 d5 4. Nf3 Bb4+ 5. Bd2 Be7 6. Bg2 c6 7. Qc2 b6 8. O-O Nbd7 9. Rd1 Bb7 10. Bf4 Rc8 11. Nc3 dxc4 12. e4 b5 13. h3 a6 14. g4 O-O 15. g5 Nh5 16. Be3 Qc7 17. e5 c5 18. d5 Nxe5 19. Nxe5 Qxe5 20. d6 Bxd6 21. Bxb7 Qh2+ 22. Kf1 Ng3+ 23. Ke1 Rcd8 24. Kd2 Nf5 25. Kc1 Bf4 26. Be4 Bxe3+ 27. fxe3 Qxh3 28. Bxf5 Qxe3+ 29. Kb1 exf5 30. Qxf5 Rxd1+ 31. Nxd1 Rd8 32. Nxe3 1-0


[Site "Internet"]

[Event "Chessable Masters - Torneo preliminare"]
[White "Agrest, Evgenij"]
[Black "Sattarov, Bobir"]
[WhiteFideId "1705024"]
[BlackFideId "14203081"]
[WhiteElo "2576"]
[BlackElo "2333"]
[Result "1-0"]
[Round "3"]
[TimeControl "600+2"]
[Date "2023.03.13"]
[WhiteClock "0:01:45"]
[BlackClock "0:00:02"]

1. Nf3 Nf6 2. b3 d5 3. Bb2 Bg4 4. e3 Nbd7 5. h3 Bh5 6. d3 e6 7. Nbd2 Bd6 8. c4 Qe7 9. Be2 h6 10. Qc2 c6 11. a3 O-O 12. g4 Bg6 13. Rg1 e5 14. g5 hxg5 15. Nxg5 e4 16. d4 c5 17. cxd5 Rfc8 18. dxc5 Nxc5 19. Qb1 Nd3+ 20. Bxd3 exd3 21. Bd4 Rc2 22. Qd1 Bh2 23. Rg2 Be5 24. Ngf3 Bxd4 25. Nxd4 Rac8 26. Kf1 Nxd5 27. Nc4 Nf6 28. a4 a6 29. a5 Rc3 30. Kg1 Qe6 31. Nxe6 1-0


[Site "Internet"]

[Event "Chessable Masters - Torneo preliminare"]
[White "Sharapov, Evgeny"]
[Black "Nigmatov, Ortik"]
[WhiteFideId "14103133"]
[BlackFideId "14202131"]
[WhiteElo "2337"]
[BlackElo "2344"]
[Result "1-0"]
[Round "3"]
[TimeControl "600+2"]
[Date "2023.03.13"]
[WhiteClock "0:00:24"]
[BlackClock "0:00:04"]

1. e4 c5 2. Nf3 e6 3. d4 cxd4 4. Nxd4 Nf6 5. Nc3 d6 6. g3 a6 7. Bg2 Be7 8. O-O O-O 9. a4 Qc7 10. a5 Nc6 11. Nb3 Ne5 12. f4 Nc4 13. Qe2 Bd7 14. Kh1 Rfc8 15. g4 b5 16. axb6 Qxb6 17. g5 Ne8 18. f5 Ne5 19. Be3 Qb7 20. Bf4 a5 21. fxe6 Bxe6 22. Nd5 Bd8 23. Nd4 Nc7 24. Nxc7 Bc4 25. Qh5 Rxc7 26. Rfb1 g6 27. Qd1 Be7 28. b3 Ba6 29. c4 Rc5 30. Be3 Qd7 31. Nf3 Nxf3 32. Bxc5 Nh4 33. Be3 Nxg2 34. Kxg2 Bb7 35. Qf3 Qe6 36. Qf4 Bxe4+ 37. Kg1 Bxb1 38. Rxb1 Re8 39. Bd2 Bd8 40. Re1 Bb6+ 41. Kg2 Qd7 42. Rxe8+ Qxe8 43. Qf3 Bd4 44. Bxa5 Be3 45. h4 Qe5 46. Kh3 h5 47. gxh6 Bf4 48. Bc3 Qf5+ 49. Kg2 Kh7 50. Be1 Kxh6 51. Bf2 Kh7 52. b4 Qe5 53. b5 Bd2 54. Qxf7+ Kh6 55. b6 Qe4+ 56. Qf3 Qxc4 57. b7 Qb4 58. Qf8+ Kh5 59. b8=Q Qg4+ 60. Kf1 Qd1+ 61. Kg2 Qg4+ 62. Bg3 Qe2+ 63. Qf2 1-0


[Site "Internet"]

[Event "Chessable Masters - Torneo preliminare"]
[White "Kaufman, Lawrence"]
[Black "Henriquez Villagra, Cristobal"]
[WhiteFideId "2000555"]
[BlackFideId "3409350"]
[WhiteElo "2233"]
[BlackElo "2574"]
[Result "0-1"]
[Round "3"]
[TimeControl "600+2"]
[Date "2023.03.13"]
[WhiteClock "0:00:02"]
[BlackClock "0:03:48"]

1. e4 c6 2. Nf3 d5 3. Nc3 Bg4 4. h3 Bxf3 5. Qxf3 Nf6 6. Be2 e6 7. O-O Bc5 8. Rd1 Bd4 9. d3 O-O 10. Qg3 Kh8 11. Bf4 Nbd7 12. Bd6 Rg8 13. Kh1 Qb6 14. f4 Qxb2 15. e5 Ne8 16. Bh5 Nxd6 17. exd6 Qxc3 18. Bxf7 Rgf8 19. Bxe6 Nc5 20. Qg4 Rad8 21. d7 Qxc2 22. f5 Bxa1 23. Rxa1 Nxd3 24. Qh4 Nf2+ 25. Kh2 Ne4 26. Rf1 Qc3 27. Kg1 Qd4+ 28. Kh2 Qe5+ 29. Kg1 Nf6 30. g4 Nxd7 0-1


[Site "Internet"]

[Event "Chessable Masters - Torneo preliminare"]
[White "Iskusnyh, Sergei"]
[Black "Christiansen, Johan-Sebastian"]
[WhiteFideId "4120027"]
[BlackFideId "1512668"]
[WhiteElo "2345"]
[BlackElo "2481"]
[Result "0-1"]
[Round "3"]
[TimeControl "600+2"]
[Date "2023.03.13"]
[WhiteClock "0:01:17"]
[BlackClock "0:05:38"]

1. d4 Nf6 2. c4 c5 3. d5 b5 4. Qc2 bxc4 5. e4 e6 6. Nc3 exd5 7. exd5 d6 8. Bxc4 Be7 9. Nge2 O-O 10. O-O Nbd7 11. Nf4 Nb6 12. Be2 Nfd7 13. b3 Bb7 14. Bb2 Re8 15. Rad1 Bg5 16. Nh5 Bh6 17. Bb5 Rc8 18. Ne4 Qh4 19. Nxd6 Qxh5 20. Nxb7 Rc7 21. Nd6 Bf4 22. g3 Bxd6 23. Rfe1 Rf8 24. f4 Nf6 25. Be2 Qh6 26. Qf5 c4 27. Kg2 c3 28. Bc1 Qg6 29. Qxg6 hxg6 30. Bf3 Re8 31. Rxe8+ Nxe8 32. Rd3 Nf6 33. g4 c2 34. Kf2 Rc5 35. a3 Rc8 36. Ke2 Re8+ 37. Kf2 Bc5+ 38. Kf1 Bd6 39. a4 Bb4 0-1


[Site "Internet"]

[Event "Chessable Masters - Torneo preliminare"]
[White "Volkov, Sergey"]
[Black "Huschenbeth, Niclas"]
[WhiteFideId "4122763"]
[BlackFideId "24604747"]
[WhiteElo "2496"]
[BlackElo "2566"]
[Result "0-1"]
[Round "3"]
[TimeControl "600+2"]
[Date "2023.03.13"]
[WhiteClock "0:06:11"]
[BlackClock "0:01:44"]

1. d4 Nf6 2. c4 e6 3. Nc3 Bb4 4. f3 Nc6 5. e4 e5 6. a3 Bxc3+ 7. bxc3 d6 8. a4 b6 9. Bd3 exd4 10. Bb2 dxc3 11. Bxc3 Ne5 12. Ne2 O-O 13. O-O Be6 14. f4 Nxc4 15. f5 Ne3 16. Qc1 Nxf1 17. fxe6 fxe6 18. Qg5 Nxh2 19. Kxh2 h6 20. Qg3 e5 21. Qh3 Qd7 22. Bc4+ Kh8 23. Be6 Qc6 24. Ng3 Qxc3 25. Rf1 Qe3 26. Rf3 Qg5 27. Bf5 c6 28. Ne2 Qh5 29. Rc3 Qxe2 30. Rxc6 Nxe4 31. Rc7 Ng5 32. Qc3 Rxf5 33. Rc8+ Rf8 34. Qf3 Nxf3+ 0-1


[Site "Internet"]

[Event "Chessable Masters - Torneo preliminare"]
[White "Fedoseev, Vladimir"]
[Black "Artemiev, Vladislav"]
[WhiteFideId "24130737"]
[BlackFideId "24101605"]
[WhiteElo "2752"]
[BlackElo "2735"]
[Result "1/2-1/2"]
[Round "4"]
[TimeControl "600+2"]
[Date "2023.03.13"]
[WhiteClock "0:00:50"]
[BlackClock "0:00:12"]

1. e4 e5 2. Nf3 Nc6 3. Bb5 Nf6 4. O-O Nxe4 5. Re1 Nd6 6. Nxe5 Be7 7. Bf1 Nxe5 8. Rxe5 O-O 9. d4 Ne8 10. c4 Bf6 11. Re1 d5 12. cxd5 Qxd5 13. Be3 Be6 14. Nc3 Qa5 15. Rb1 c6 16. b4 Qd8 17. b5 Nc7 18. bxc6 bxc6 19. Qa4 Nd5 20. Nxd5 Bxd5 21. Rb7 h6 22. Bc4 Re8 23. Rc1 Bg5 24. Bxd5 Qxd5 25. Bxg5 Qxg5 26. Qc4 Re6 27. g3 Qd2 28. Kg2 Rf6 29. Rf1 Re8 30. Qc5 Re2 31. d5 cxd5 32. Rd7 Qxa2 33. Rxa7 Qd2 34. Rd7 d4 35. Rd8+ Kh7 36. Qxd4 Rexf2+ 37. Rxf2 Rxf2+ 38. Qxf2 Qxd8 39. Qxf7 Qd2+ 40. Kh3 Qd3 41. Kg2 Qe4+ 42. Qf3 Qc2+ 43. Qf2 Qe4+ 44. Qf3 Qc2+ 45. Qf2 Qe4+ 46. Qf3 1/2-1/2


[Site "Internet"]

[Event "Chessable Masters - Torneo preliminare"]
[White "Le, Quang Liem"]
[Black "Firouzja, Alireza"]
[WhiteFideId "12401137"]
[BlackFideId "12573981"]
[WhiteElo "2661"]
[BlackElo "2745"]
[Result "1-0"]
[Round "4"]
[TimeControl "600+2"]
[Date "2023.03.13"]
[WhiteClock "0:01:55"]
[BlackClock "0:00:02"]

1. d4 Nf6 2. Nf3 d5 3. c4 e6 4. g3 dxc4 5. Bg2 c5 6. O-O Nc6 7. Qa4 Bd7 8. dxc5 Na5 9. Qc2 Bxc5 10. Ne5 Qc7 11. Bf4 Bd6 12. Nxd7 Nxd7 13. Bxd6 Qxd6 14. Rd1 Qc7 15. Na3 O-O 16. b4 Nc6 17. Qxc4 Nde5 18. Qc3 Rac8 19. Nb5 Qb6 20. Nd6 Rcd8 21. b5 Ng4 22. e3 Ne7 23. Qd4 Qxd4 24. Rxd4 b6 25. Rad1 Nf6 26. e4 Ng6 27. Kf1 Rd7 28. Ke2 Rc7 29. R1d2 Rd8 30. Nf5 Rxd4 31. Nxd4 Rc4 32. Nc6 h5 33. h3 Ra4 34. e5 Ne4 35. Bxe4 Rxe4+ 36. Kd3 Ra4 37. Kc3 a6 38. bxa6 Rxa6 39. Kb4 h4 40. a4 hxg3 41. fxg3 f6 42. Rd8+ Kh7 43. Kb5 Nxe5 44. Kxa6 1-0


[Site "Internet"]

[Event "Chessable Masters - Torneo preliminare"]
[White "Abdusattorov, Nodirbek"]
[Black "Alekseenko, Kirill"]
[WhiteFideId "14204118"]
[BlackFideId "4135539"]
[WhiteElo "2714"]
[BlackElo "2632"]
[Result "1-0"]
[Round "4"]
[TimeControl "600+2"]
[Date "2023.03.13"]
[WhiteClock "0:02:36"]
[BlackClock "0:00:04"]

1. e4 e5 2. Nf3 Nc6 3. Bb5 a6 4. Ba4 Nf6 5. O-O Be7 6. d3 b5 7. Bb3 d6 8. a3 O-O 9. Nc3 Nb8 10. Bd2 Nbd7 11. Nd5 Nxd5 12. Bxd5 Rb8 13. b4 Nb6 14. Bb3 Kh8 15. d4 exd4 16. Nxd4 Bb7 17. c3 c5 18. Nf5 Bxe4 19. Nxe7 Qxe7 20. Re1 Qb7 21. f3 Bg6 22. Bf4 Rbd8 23. Bxd6 c4 24. Bxf8 Rxd1 25. Bxd1 h6 26. Bc5 Nd5 27. Bd4 Qd7 28. Ra2 Bd3 29. g3 f6 30. Rd2 Qf5 31. f4 Qd7 32. Bf3 Ne7 33. Bc5 Nd5 34. Bd4 Ne7 35. Kf2 Nf5 36. Bc5 Qf7 37. g4 Nh4 38. Re7 Qg6 39. f5 Nxf5 40. gxf5 Qxf5 41. Re3 Qf4 42. Kg1 h5 43. Rf2 Qg5+ 44. Rg2 Qf4 45. h3 Qf5 46. Rg3 Qf4 47. Bxh5 Qf1+ 48. Kh2 Qf2+ 49. Rg2 Qf4+ 50. Reg3 Qe5 51. Bf3 Qxc3 52. Rxg7 Qe5+ 53. R2g3 c3 54. Re7 Qf4 55. Be3 Qd6 56. Re8+ Kh7 57. Be4+ f5 58. Bc5 Qd7 59. Re7+ Qxe7 60. Bxe7 c2 61. Bxd3 c1=Q 62. Bxf5+ Kh6 63. Bf8+ 1-0


[Site "Internet"]

[Event "Chessable Masters - Torneo preliminare"]
[White "Michalik, Peter"]
[Black "Martinez Alcantara, Jose Eduardo"]
[WhiteFideId "14907526"]
[BlackFideId "3805662"]
[WhiteElo "2526"]
[BlackElo "2643"]
[Result "1/2-1/2"]
[Round "4"]
[TimeControl "600+2"]
[Date "2023.03.13"]
[WhiteClock "0:09:44"]
[BlackClock "0:09:41"]

1. e4 e5 2. Nf3 Nf6 3. Nxe5 d6 4. Nf3 Nxe4 5. d4 d5 6. Bd3 Be7 7. O-O Bf5 8. Re1 O-O 9. Nbd2 Nd6 10. Nf1 Bg6 11. Bf4 Nd7 12. Ng3 c6 1/2-1/2


[Site "Internet"]

[Event "Chessable Masters - Torneo preliminare"]
[White "Erigaisi, Arjun"]
[Black "Dreev, Aleksey"]
[WhiteFideId "35009192"]
[BlackFideId "4100107"]
[WhiteElo "2685"]
[BlackElo "2557"]
[Result "1-0"]
[Round "4"]
[TimeControl "600+2"]
[Date "2023.03.13"]
[WhiteClock "0:03:06"]
[BlackClock "0:00:03"]

1. d4 d5 2. Nc3 c6 3. Bf4 Qb6 4. Rb1 Nf6 5. e3 Bf5 6. Bd3 e6 7. Nf3 Nbd7 8. Bxf5 exf5 9. O-O Be7 10. Qd3 g6 11. Ne2 O-O 12. b3 a5 13. c4 Ne4 14. Ne5 Nxe5 15. Bxe5 Qd8 16. f3 Nf6 17. Nc3 Bb4 18. Na4 Be7 19. cxd5 Nxd5 20. e4 Nb4 21. Qd2 Bf6 22. Bxf6 Qxf6 23. a3 Na6 24. Rbd1 Rad8 25. e5 Qe7 26. Qc1 Nc7 27. Qc5 Rfe8 28. Qxa5 Nb5 29. Qb6 Qxa3 30. Nc5 Nxd4 31. Kh1 Rd5 32. b4 Rdxe5 33. Nd7 Ne2 34. Nxe5 Rxe5 35. Qxb7 Kg7 36. Qc7 Re6 37. Rd7 Rf6 38. Qe5 Qa2 39. Rd6 1-0


[Site "Internet"]

[Event "Chessable Masters - Torneo preliminare"]
[White "Gukesh, D"]
[Black "Mareco, Sandro"]
[WhiteFideId "46616543"]
[BlackFideId "112275"]
[WhiteElo "2629"]
[BlackElo "2541"]
[Result "1-0"]
[Round "4"]
[TimeControl "600+2"]
[Date "2023.03.13"]
[WhiteClock "0:04:23"]
[BlackClock "0:05:35"]

1. d4 Nf6 2. c4 e6 3. Nf3 d5 4. Nc3 Bb4 5. e3 O-O 6. Bd2 Re8 7. Rc1 a5 8. Bd3 Nbd7 9. O-O c6 10. a3 Bf8 11. cxd5 exd5 12. Qc2 Bd6 13. Rfe1 Nf8 14. h3 Bd7 15. e4 dxe4 16. Nxe4 Nxe4 17. Bxe4 h6 18. d5 c5 19. a4 b5 20. axb5 Bxb5 21. Bc3 a4 22. Nd2 Qh4 23. Bf3 Ng6 24. Ne4 Bf8 25. d6 Ne5 26. Bxe5 Rxe5 27. Nc3 Rxe1+ 28. Rxe1 Rb8 29. Nxb5 Rxb5 30. d7 1-0


[Site "Internet"]

[Event "Chessable Masters - Torneo preliminare"]
[White "Yakubboev, Nodirbek"]
[Black "Liang, Awonder"]
[WhiteFideId "14203987"]
[BlackFideId "2056437"]
[WhiteElo "2577"]
[BlackElo "2508"]
[Result "1-0"]
[Round "4"]
[TimeControl "600+2"]
[Date "2023.03.13"]
[WhiteClock "0:08:06"]
[BlackClock "0:04:12"]

1. c4 e5 2. Nc3 Nf6 3. Nf3 Nc6 4. e4 Bb4 5. d3 d6 6. a3 Ba5 7. b4 Bb6 8. Be3 Bg4 9. Be2 O-O 10. O-O Bxf3 11. Bxf3 Nd4 12. Na4 Nxf3+ 13. Qxf3 Bxe3 14. Qxe3 Nh5 15. g3 Qd7 16. Nc3 f5 17. Qf3 g6 18. exf5 c6 19. Qd1 Rxf5 20. g4 Rg5 21. f3 Nf4 22. h4 Rh5 23. gxh5 Qh3 24. Ra2 1-0


[Site "Internet"]

[Event "Chessable Masters - Torneo preliminare"]
[White "Bluebaum, Matthias"]
[Black "Vachier-Lagrave, Maxime"]
[WhiteFideId "24651516"]
[BlackFideId "623539"]
[WhiteElo "2601"]
[BlackElo "2762"]
[Result "1/2-1/2"]
[Round "4"]
[TimeControl "600+2"]
[Date "2023.03.13"]
[WhiteClock "0:09:59"]
[BlackClock "0:06:33"]

1. d4 Nf6 2. c4 g6 3. Nc3 d5 4. cxd5 Nxd5 5. e4 Nxc3 6. bxc3 Bg7 7. Nf3 c5 8. Bb5+ Nc6 9. O-O O-O 10. Bxc6 bxc6 11. Qc2 cxd4 12. cxd4 Bg4 13. Ne5 Qxd4 14. Bb2 Qb6 15. Rab1 Bxe5 16. Bxe5 Qa5 17. Bc3 Qc5 18. Qb2 a5 19. Bd4 Qd6 20. Qc3 Be2 21. Rfe1 Bb5 22. a4 Bxa4 23. Bh8 f6 24. e5 Qd8 25. exf6 exf6 26. Rb7 Rf7 27. Rxf7 Kxf7 28. h4 Qxh8 29. Qc4+ Kf8 30. Qc5+ Kg8 31. Qc4+ Kf8 32. Qc5+ Kg8 33. Qc4+ Kf8 1/2-1/2


[Site "Internet"]

[Event "Chessable Masters - Torneo preliminare"]
[White "Aronian, Levon"]
[Black "Tabatabaei, M. Amin"]
[WhiteFideId "13300474"]
[BlackFideId "12521213"]
[WhiteElo "2720"]
[BlackElo "2558"]
[Result "1-0"]
[Round "4"]
[TimeControl "600+2"]
[Date "2023.03.13"]
[WhiteClock "0:06:09"]
[BlackClock "0:01:29"]

1. e4 e5 2. Nf3 c6 3. Nxe5 Qe7 4. d4 d6 5. Nf3 Qxe4+ 6. Be3 Nf6 7. Nc3 Qg6 8. h3 Be7 9. g4 Ne4 10. Nxe4 Qxe4 11. c4 O-O 12. Bd3 Qe6 13. d5 Qd7 14. Bc2 Qc7 15. Qd3 f5 16. O-O-O Na6 17. a3 Bf6 18. g5 Be7 19. Rhe1 g6 20. Bd4 Rf7 21. Bc3 c5 22. h4 f4 23. Nd4 Bg4 24. Ne6 Qd7 25. f3 Bh5 26. Re4 b5 27. cxb5 Nc7 28. a4 c4 29. Qd4 1-0


[Site "Internet"]

[Event "Chessable Masters - Torneo preliminare"]
[White "Lazavik, Denis"]
[Black "Makarian, Rudik"]
[WhiteFideId "13515110"]
[BlackFideId "44105681"]
[WhiteElo "2488"]
[BlackElo "2462"]
[Result "1-0"]
[Round "4"]
[TimeControl "600+2"]
[Date "2023.03.13"]
[WhiteClock "0:00:43"]
[BlackClock "0:00:06"]

1. d4 Nf6 2. c4 e6 3. Nf3 b6 4. g3 c6 5. Bg2 d5 6. O-O Be7 7. b3 O-O 8. Qc2 Nbd7 9. Rd1 Bb7 10. Nc3 Ba6 11. Bb2 Rc8 12. e4 dxc4 13. Nd2 b5 14. bxc4 bxc4 15. Na4 c5 16. d5 exd5 17. exd5 Ne8 18. Nxc4 Bxc4 19. Qxc4 Nd6 20. Qa6 Nb6 21. Rac1 Nxa4 22. Qxa4 Bf6 23. Ba3 Qb6 24. Bh3 Nb5 25. Bxc8 Rxc8 26. d6 Nxd6 27. Rb1 Qc7 28. Qa6 Rd8 29. Rbc1 Ne4 30. Rxd8+ Qxd8 31. Qe2 Ng5 32. Bxc5 g6 33. Be3 Ne6 34. Bxa7 Qa8 35. Be3 h5 36. h4 Qe4 37. Qc2 Qf3 38. Qc6 Qg4 39. Kg2 Qf5 40. a4 g5 41. hxg5 Bxg5 42. Qf3 Qg6 43. a5 Bxe3 44. Qxe3 h4 45. a6 Qf5 46. a7 Qd5+ 47. Kh2 Kg7 48. gxh4 Kh7 49. Rg1 Nd4 50. a8=Q 1-0


[Site "Internet"]

[Event "Chessable Masters - Torneo preliminare"]
[White "Svidler, Peter"]
[Black "Mitrabha, Guha"]
[WhiteFideId "4102142"]
[BlackFideId "5057000"]
[WhiteElo "2752"]
[BlackElo "2401"]
[Result "1/2-1/2"]
[Round "4"]
[TimeControl "600+2"]
[Date "2023.03.13"]
[WhiteClock "0:00:46"]
[BlackClock "0:02:00"]

1. e4 c6 2. d3 d5 3. Nf3 Nd7 4. exd5 cxd5 5. d4 e6 6. Bf4 Ngf6 7. Nbd2 Be7 8. Bd3 b6 9. O-O O-O 10. h3 a5 11. Qe2 Nb8 12. Ne5 Ba6 13. c4 dxc4 14. Ndxc4 Nd5 15. Bg3 Bb7 16. Rac1 Nd7 17. Nxd7 Qxd7 18. Ne5 Qd8 19. a3 Rc8 20. h4 Nf6 21. Ba6 Qd5 22. Bxb7 Qxb7 23. Qb5 Bd6 24. Nd7 Nxd7 25. Bxd6 Rxc1 26. Rxc1 Rc8 27. Rxc8+ Qxc8 28. d5 exd5 29. Qxd5 Nf6 30. Qd4 Ng4 31. Bf4 Qe8 32. Bd2 h5 33. f3 Nf6 34. Qxb6 a4 35. Qd4 Qb5 36. Bc3 Kh7 37. Kf2 Qb3 38. Qc5 Nd5 39. Bd4 Kg6 40. Ke1 f6 41. Kd2 Nf4 42. Qc2+ Qxc2+ 43. Kxc2 Nxg2 44. Bf2 Kf5 45. b3 g5 46. bxa4 Ke6 47. hxg5 fxg5 48. Kd3 Kd5 49. a5 Nf4+ 50. Ke3 Kc6 51. Ke4 Kb7 52. Kf5 Nh3 53. Be3 g4 54. fxg4 hxg4 55. Kxg4 Ka6 56. Kxh3 Kxa5 57. a4 Kxa4 1/2-1/2


[Site "Internet"]

[Event "Chessable Masters - Torneo preliminare"]
[White "Praggnanandhaa, R"]
[Black "Pap, Gyula"]
[WhiteFideId "25059530"]
[BlackFideId "725323"]
[WhiteElo "2587"]
[BlackElo "2563"]
[Result "1-0"]
[Round "4"]
[TimeControl "600+2"]
[Date "2023.03.13"]
[WhiteClock "0:01:03"]
[BlackClock "0:00:06"]

1. Nf3 d5 2. g3 Nd7 3. d4 Nb6 4. Bg2 Bf5 5. Nc3 e6 6. Nh4 Nf6 7. Nxf5 exf5 8. a4 a5 9. Qd3 Qd7 10. b3 Bb4 11. O-O O-O 12. Na2 Be7 13. Bf4 Ne4 14. c4 dxc4 15. bxc4 Nxa4 16. Bxe4 fxe4 17. Qxe4 c6 18. c5 b5 19. cxb6 Nxb6 20. Rfc1 Nd5 21. Bd2 Nf6 22. Qd3 Rfd8 23. Rc4 c5 24. Nc1 a4 25. dxc5 Qe6 26. Rd4 Rxd4 27. Qxd4 Ne4 28. Be3 a3 29. Qb4 Rc8 30. Nb3 f6 31. Rxa3 Rc7 32. Ra4 f5 33. Ra8+ Kf7 34. Qb8 Rd7 35. Qg8+ Kf6 36. Bd4+ Rxd4 37. Qxe6+ Kxe6 38. Nxd4+ Kd5 39. Nxf5 1-0


[Site "Internet"]

[Event "Chessable Masters - Torneo preliminare"]
[White "Kevlishvili, Robby"]
[Black "Alonso Rosell, Alvar"]
[WhiteFideId "1040634"]
[BlackFideId "2270544"]
[WhiteElo "2577"]
[BlackElo "2473"]
[Result "0-1"]
[Round "4"]
[TimeControl "600+2"]
[Date "2023.03.13"]
[WhiteClock "0:04:19"]
[BlackClock "0:01:30"]

1. e4 e5 2. Nf3 Nc6 3. Bb5 a6 4. Ba4 d6 5. c3 Bd7 6. d4 g6 7. O-O Bg7 8. Bg5 Nf6 9. Nbd2 b5 10. Bb3 h6 11. Bh4 O-O 12. dxe5 dxe5 13. Qe2 Qe8 14. Bxf6 Bxf6 15. Rfd1 Na5 16. Bc2 Nb7 17. b4 a5 18. a3 Qe7 19. Bd3 c6 20. Rab1 Rfd8 21. c4 axb4 22. axb4 bxc4 23. Nxc4 Bg4 24. h3 Bxf3 25. Qxf3 Rd4 26. Qe2 Rad8 27. Na5 Qc7 28. Nxb7 Qxb7 29. Bc4 Rxd1+ 30. Rxd1 Qxb4 31. Rxd8+ Bxd8 32. g3 h5 33. h4 Bb6 34. Kg2 Bd4 35. Qa2 Qb7 36. Qe2 Kg7 37. Qf3 Qa7 38. Qe2 Qa4 39. Ba2 Bc5 40. Bc4 Qb4 41. Qd3 Bd4 42. Qe2 Qc3 43. Bb3 Qxb3 0-1


[Site "Internet"]

[Event "Chessable Masters - Torneo preliminare"]
[White "Giri, Anish"]
[Black "Anton Guijarro, David"]
[WhiteFideId "24116068"]
[BlackFideId "2285525"]
[WhiteElo "2714"]
[BlackElo "2635"]
[Result "1-0"]
[Round "4"]
[TimeControl "600+2"]
[Date "2023.03.13"]
[WhiteClock "0:00:08"]
[BlackClock "0:00:07"]

1. e4 c6 2. d4 d5 3. e5 Bf5 4. Nf3 e6 5. Be2 c5 6. O-O Nc6 7. c3 Bg4 8. Nbd2 cxd4 9. cxd4 a5 10. h3 Bh5 11. Nb1 Nge7 12. Nc3 Bxf3 13. Bxf3 Nf5 14. Be3 Be7 15. Bg4 Nxe3 16. fxe3 O-O 17. a3 Bg5 18. Qd3 a4 19. Bd1 Na5 20. e4 dxe4 21. Nxe4 Nc6 22. Kh1 Be7 23. Bc2 g6 24. Rad1 Qb6 25. Nf6+ Bxf6 26. exf6 Ra5 27. Qe3 Rh5 28. g4 Rh4 29. Qg5 Rxh3+ 30. Kg2 h6 31. Qf4 e5 32. Qe4 Rb3 33. Bxb3 Qxb3 34. d5 Nd4 35. Rd2 Re8 36. Re1 Nb5 37. d6 Qe6 38. Qxe5 Qxg4+ 39. Qg3 Qd7 40. Rxe8+ Qxe8 41. d7 Qd8 42. Qe5 1-0


[Site "Internet"]

[Event "Chessable Masters - Torneo preliminare"]
[White "Kravtsiv, Martyn"]
[Black "Sevian, Samuel"]
[WhiteFideId "14113147"]
[BlackFideId "2040506"]
[WhiteElo "2675"]
[BlackElo "2582"]
[Result "0-1"]
[Round "4"]
[TimeControl "600+2"]
[Date "2023.03.13"]
[WhiteClock "0:00:06"]
[BlackClock "0:03:29"]

1. e4 e5 2. Nf3 Nc6 3. Nc3 Nf6 4. a4 d6 5. d4 Bg4 6. Bb5 Bxf3 7. gxf3 a6 8. Bxc6+ bxc6 9. Be3 Nd7 10. Qe2 Qb8 11. O-O Qb4 12. Rfd1 Be7 13. Ra3 exd4 14. Bxd4 O-O 15. a5 Bf6 16. Ra4 Qb7 17. b3 Rfe8 18. Kh1 Bxd4 19. Rdxd4 Nc5 20. Rab4 Qc8 21. Rd1 Qh3 22. Rg1 Ne6 23. Qe3 Qh5 24. Rc4 d5 25. Rxc6 d4 26. Nd5 dxe3 27. Nf6+ Kf8 28. Nxh5 e2 29. Re1 Rad8 30. Rxe2 Rd1+ 31. Kg2 g6 32. Rxe6 Rxe6 33. Nf4 Re5 34. Nd5 Rg5+ 35. Kh3 Rdg1 36. Nf4 Rxa5 37. Rd2 Ke8 38. Nd5 c6 39. b4 Ra3 40. Nf6+ Ke7 0-1


[Site "Internet"]

[Event "Chessable Masters - Torneo preliminare"]
[White "Iturrizaga Bonelli, Eduardo"]
[Black "Nguyen, Ngoc Truong Son"]
[WhiteFideId "3901211"]
[BlackFideId "12401110"]
[WhiteElo "2654"]
[BlackElo "2585"]
[Result "0-1"]
[Round "4"]
[TimeControl "600+2"]
[Date "2023.03.13"]
[WhiteClock "0:00:18"]
[BlackClock "0:00:59"]

1. c4 Nf6 2. g3 g6 3. Bg2 Bg7 4. Nc3 O-O 5. d4 d6 6. Nf3 Nc6 7. O-O e5 8. dxe5 dxe5 9. Bg5 Be6 10. Qa4 Qc8 11. Rfd1 Nd7 12. Nd5 Re8 13. Qa3 h6 14. Bd2 Nb6 15. Rac1 Nxd5 16. cxd5 Bxd5 17. Be3 Rd8 18. Qa4 Qe6 19. Qb5 e4 20. Nd4 Nxd4 21. Bxd4 Bc6 22. Qb4 Qd6 23. Qxd6 Rxd6 24. Bxg7 Kxg7 25. Rxd6 cxd6 26. f3 d5 27. Kf2 exf3 28. Bxf3 Kf6 29. b4 a6 30. Ke3 Ke5 31. Kd2 a5 32. b5 Bxb5 33. Rc7 Bc4 34. a4 b5 35. axb5 Rb8 36. Rxf7 Rxb5 37. Ra7 Rb2+ 38. Kc3 Rb3+ 39. Kc2 Ra3 40. h4 a4 41. Kb2 Rb3+ 42. Kc2 a3 43. Ra5 a2 0-1


[Site "Internet"]